AoeStats
← Scotland111

Migration

508925659Analyzed
1v1 RM · 6d ago on Sep 24, 2026· 70m 42s· 2 players
Game mode
Random Map
Map size
132×132
Population
200
Speed
Normal
Resources
Standard
Victory
Conquest
Starting age
Dark Age
Ending age
Imperial Age
RankedLock teamsTeams togetherTeam positionsShared explorationLock speedFull tech treeHidden civsTurbo modeCheats
Victory
Defeat
🇨🇳 Japanese · China
829
+16
🇬🇧 Varangians · United Kingdom
824
-16
Scotland111
10:56 Feudal Age
11:28 Double-Bit Axe
14:17 Fishing Lines
16:03 Wheelbarrow
17:35 Castle Age
18:38 Bow Saw
18:10 Horse Collar
19:08 Loom
23:07 Gold Mining
23:50 Fletching
29:49 Wheelbarrow
30:29 Gillnets
33:21 Forging
33:08 Bodkin Arrow
37:49 Imperial Age
38:09 Hand Cart
39:20 Ballistics
38:41 Elite Jarl
42:51 Scale Barding Armor
42:57 Forging
42:48 Scale Mail Armor
42:49 Bracer
46:18 Chain Barding Armor
46:34 Iron Casting
46:14 Chain Mail Armor
52:46 Bloodlines
53:04 Stone Mining
55:09 Elite Varangian Guard
55:34 Arson
55:50 Squires
55:35 Gambesons
56:39 Elite Longship
57:04 Elite Longship
59:46 Heated Shot
60:57 Chemistry
63:17 Pikeman
68:39 Blast Furnace
68:10 Plate Mail Armor
啵啵鱼
7:22 Loom
9:49 Feudal Age
10:31 Double-Bit Axe
16:09 Castle Age
15:13 Horse Collar
16:49 Fishing Lines
17:22 Bow Saw
19:04 Wheelbarrow
21:37 Hand Cart
21:08 Town Watch
22:40 Heavy Plow
27:52 Town Patrol
29:30 Gold Mining
31:14 Medium Warships
31:47 Demolition Ship
32:39 Medium Warships
32:21 Gillnets
38:36 Imperial Age
36:45 Demolition Ship
36:53 Demolition Ship
40:22 Conscription
40:42 Hoardings
40:48 Forging
40:38 Scale Mail Armor
40:43 Scale Barding Armor
40:45 Elite Samurai
41:53 Pikeman
42:33 Squires
42:18 Arson
42:21 Gambesons
42:52 Halberdier
44:21 Gold Shaft Mining
43:36 Stone Mining
44:24 Iron Casting
44:04 Chain Mail Armor
44:09 Chain Barding Armor
44:56 Two-Man Saw
46:09 Capped Ram
47:04 Town Patrol
47:04 Onager
47:55 Treadmill Crane
48:27 Masonry
51:32 Chemistry
50:28 Elite Skirmisher
52:11 Blast Furnace
51:26 Chain Mail Armor
51:31 Chain Barding Armor
51:12 Padded Archer Armor
51:03 Fletching
55:06 Plate Mail Armor
55:47 Elite Cannon Galleon
59:11 Elite Samurai
60:16 Leather Archer Armor
59:57 Bodkin Arrow
61:13 Kataparuto
60:26 Crossbowman
61:12 Thumb Ring
61:31 Ballistics
61:09 Murder Holes
61:40 Siege Engineers
65:32 Bracer
66:02 Ring Archer Armor
Connection lost

Rejoining the realm…

Still unreachable

The connection could not be restored.

Session expired

The server has moved on; the page needs a fresh start.